Map: Acid Plant LE

Players

Namshar

  • Race: Zerg Zerg
  • League: Master
  • Spawn Location: 11:00

ShoWTimE - Winner!

  • Race: Protoss Protoss
  • Spawn Location: 5:00

Event: HomeStory Cup XVIII

VOD

Have the link to the VOD?

Description

Time

  • Played on: Nov. 22, 2018, 7:01 a.m.
  • Length: 17:12

All games in this series

Show
View Real Time Build Order
Export as new Build Order

Namshar Zerg 

Build Orders: Hatch First, Lurkers 

Get SALT Encoding   

  12  0:00  Drone  
  13  0:12  Overlord  
  13  0:16  Drone  
  14  0:30  Drone x2  
  16  0:48  Hatchery  
  15  0:51  Drone  
  15  0:55  Drone  
  17  0:59  Drone  
  18  1:09  Extractor  
  17  1:14  Spawning Pool  
  17  1:17  Drone  
  17  1:20  Drone  
  18  1:27  Drone  
  19  1:40  Drone  
  20  1:53  Overlord  
  20  2:01  Queen  
  20  2:02  Queen  
  20  2:03  Zergling x4  
  26  2:10  Metabolic Boost  
  26  2:12  Drone  
  26  2:13  Drone  
  28  2:23  Drone x2  
  30  2:32  Drone x2  
  32  2:41  Hatchery  
  31  2:47  Queen  
  33  2:53  Overlord  
  33  2:57  Drone x2  
  35  3:00  Overlord  
  35  3:05  Drone  
  36  3:11  Drone  
  36  3:12  Drone x2  
  39  3:16  Queen  
  41  3:21  Drone x3  
  41  3:25  Overlord  
  44  3:29  Queen  
  44  3:32  Drone  
  47  3:36  Drone  
  47  3:37  Drone  
  49  3:42  Overlord  
  49  3:51  Spore Crawler x2  
  49  3:53  Drone x3  
  49  3:54  Drone x3  
  53  3:57  Drone x2  
  53  4:01  Overlord  
  55  4:05  Zergling x4  
  57  4:11  Overlord  
  57  4:12  Drone  
  58  4:20  Drone x2, Lair  
  58  4:24  Roach Warren  
  59  4:25  Extractor  
  59  4:26  Extractor  
  59  4:27  Drone x2  
  56  4:32  Drone x2  
  56  4:33  Drone  
  56  4:35  Drone  
  60  4:45  Drone  
  61  4:46  Drone x5  
  61  4:51  Overlord  
  65  4:56  Evolution Chamber  
  62  5:04  Spore Crawler  
  62  5:05  Drone x2  
  62  5:06  Extractor, Drone x2  
  64  5:07  Zergling x12  
  64  5:10  Queen  
  72  5:16  Drone  
  72  5:17  Drone x2  
  72  5:21  Drone x2  
  75  5:22  Drone  
  76  5:28  Drone x2  
  76  5:33  Drone x2  
  76  5:34  Drone  
  79  5:36  Drone  
  79  5:37  Drone x2  
  79  5:41  Hydralisk Den, Glial Reconstitution  
  79  5:42  Zerg Missile Weapons Level 1  
  81  5:48  Spore Crawler  
  81  5:49  Queen  
  80  5:50  Overlord  
  80  5:52  Overlord  
  80  5:56  Extractor  
  77  6:00  Overlord  
  77  6:01  Overlord x2  
  74  6:09  Queen  
  75  6:11  Spore Crawler  
  75  6:12  Queen, Spore Crawler  
  75  6:14  Muscular Augments  
  75  6:17  Drone  
  76  6:20  Drone x3  
  76  6:24  Drone x3  
  79  6:30  Overlord  
  79  6:33  Drone  
  79  6:37  Hatchery  
  79  6:45  Drone  
  79  6:46  Drone x2  
  80  6:48  Extractor  
  80  6:49  Drone x3  
  82  6:54  Drone x3  
  82  6:56  Overlord x2  
  82  6:59  Hydralisk x2  
  82  7:00  Hydralisk  
  88  7:19  Overlord  
  88  7:20  Hydralisk x7  
  101  7:25  Drone  
  101  7:26  Drone x2  
  101  7:33  Hydralisk x3  
  101  7:35  Grooved Spines  
  107  7:38  Zerg Missile Weapons Level 2  
  107  7:41  Drone x3  
  110  7:50  Drone x2  
  112  7:58  Drone  
  112  7:59  Drone x7, Overlord x2  
  120  8:07  Hydralisk x3  
  126  8:17  Spore Crawler  
  123  8:21  Drone x5  
  123  8:22  Drone  
  123  8:25  Hydralisk  
  123  8:26  Hydralisk x4  
  133  8:36  Drone  
  133  8:37  Drone  
  134  8:41  Extractor  
  134  8:42  Lurker Den, Hydralisk x5  
  142  8:51  Overlord x4  
  142  8:55  Drone  
  142  8:56  Spore Crawler  
  142  8:58  Overlord  
  142  8:59  Overlord x2  
  142  9:11  Hydralisk  
  142  9:12  Hydralisk x5  
  142  9:13  Overlord  
  154  9:30  Hydralisk x3  
  154  9:31  Hydralisk x4  
  160  9:33  Drone  
  160  9:34  Spine Crawler  
  166  9:40  Hydralisk x4  
  173  9:46  Hydralisk x2, Zergling x2  
  173  9:47  Zergling x4  
  178  9:57  Hydralisk x5  
  187  10:14  Lurker x2  
  181  10:15  Lurker x3  
  181  10:18  Lurker x2  
  182  10:23  Hydralisk x4  
  188  10:29  Hatchery  
  172  10:40  Hydralisk x6  
  149  10:51  Extractor  
  149  10:52  Lurker x3  
  149  10:55  Hydralisk, Zergling x8  
  149  10:56  Zergling x2  
  158  11:04  Hydralisk x3  
  158  11:05  Zergling x2  
  163  11:21  Hydralisk x3  
  163  11:22  Hydralisk x3  
  163  11:24  Zergling x2  
  163  11:25  Zergling x4  
  177  11:33  Hydralisk  
  177  11:34  Hydralisk x3  
  177  11:39  Hydralisk  
  174  11:40  Zergling x4  
  169  11:47  Hydralisk x2  
  169  11:48  Zergling x6  
  170  12:00  Hydralisk x5  
  178  12:01  Zergling x2  
  179  12:13  Hydralisk x4  
  183  12:22  Hydralisk x3  
  185  12:26  Hydralisk  
  185  12:27  Zergling x10  
  192  12:35  Lurker  
  193  12:39  Lurker  
  194  12:48  Hydralisk  
  194  12:49  Hydralisk x2  
  199  12:56  Hatchery  
  197  13:02  Hydralisk x2  
  197  13:03  Hydralisk x2  
  196  13:06  Hydralisk, Zergling x2  
  196  13:07  Zergling x4  
  194  13:19  Lurker x3  
  193  13:24  Roach x3  
  199  13:42  Overseer x2  
  199  13:43  Overseer, Pneumatized Carapace  
  199  13:46  Overseer  
  199  13:50  Spine Crawler, Spore Crawler  
  194  14:03  Overseer  
  194  14:04  Hydralisk x3  
  194  14:05  Zergling x2  
  185  14:21  Hydralisk x2  
  185  14:22  Spire, Hydralisk x5  
  196  14:36  Hydralisk  
  196  14:37  Hydralisk x6  
  143  14:41  Hydralisk, Zergling x4  
  143  14:42  Zergling x6  
  130  14:49  Hydralisk x3  
  130  14:50  Zergling x18  
  130  14:51  Queen  
  147  14:52  Extractor  
  147  14:57  Lurker  
  147  15:00  Hydralisk x2  
  147  15:01  Zergling x2  
  147  15:02  Zergling x6  
  155  15:08  Hydralisk  
  155  15:09  Zergling x6  
  160  15:20  Hydralisk  
  160  15:21  Hydralisk x5  
  172  15:29  Hydralisk  
  172  15:30  Hydralisk, Zergling x4  
  176  15:36  Hydralisk, Zergling x2  
  176  15:37  Zergling x2  
  176  15:44  Hydralisk  
  176  15:45  Hydralisk, Zergling x4  
  176  15:46  Zergling x2  
  165  15:56  Drone x3, Hydralisk x2  
  163  15:57  Zergling x2  
  162  16:08  Hydralisk x2  
  162  16:09  Hydralisk  
  168  16:17  Corruptor  
  168  16:18  Corruptor x2  
  174  16:23  Corruptor  
Show
View Real Time Build Order
Export as new Build Order

ShoWTimE Protoss - Winner!

Build Orders: 1 Gate Expand, Oracle Opening, Phoenix Opening, Carriers, Chargelot Immortal, Mass Phoenix 

Get SALT Encoding   

  12  0:00  Probe  
  13  0:12  Probe  
  14  0:17  Pylon  
  14  0:24  Probe  
  15  0:32  Probe  
  15  0:40  Probe  
  16  0:43  Gateway  
  16  0:46  Assimilator  
  17  0:51  Probe  
  18  1:03  Probe  
  19  1:15  Probe  
  20  1:25  Nexus  
  20  1:35  Cybernetics Core  
  20  1:38  Probe  
  21  1:44  Assimilator  
  21  1:50  Probe  
  21  1:53  Pylon  
  22  2:02  Probe  
  22  2:03  Adept  
  23  2:14  Probe  
  26  2:17  Stargate  
  26  2:23  Warp Gate  
  26  2:26  Probe  
  26  2:29  Adept  
  27  2:33  Probe  
  27  2:35  Probe  
  30  2:41  Probe  
  30  2:43  Probe  
  33  2:51  Probe  
  33  2:53  Probe  
  33  2:56  Phoenix, Adept  
  37  3:05  Probe  
  40  3:07  Probe  
  41  3:15  Pylon  
  41  3:17  Probe  
  41  3:19  Oracle, Probe  
  46  3:30  Gateway  
  46  3:33  Probe x2  
  48  3:38  Assimilator  
  48  3:39  Assimilator  
  48  3:45  Pylon, Probe x2  
  50  3:52  Stargate  
  50  3:54  Probe  
  50  3:58  Probe  
  50  4:02  Probe  
  52  4:04  Phoenix  
  55  4:10  Probe  
  55  4:13  Pylon, Probe  
  57  4:22  Probe  
  58  4:28  Phoenix  
  60  4:31  Phoenix  
  60  4:34  Adept x2  
  60  4:37  Pylon  
  66  4:46  Phoenix  
  66  4:51  Phoenix  
  66  4:53  Pylon  
  70  5:01  Nexus  
  70  5:03  Probe x2  
  72  5:09  Pylon  
  72  5:13  Phoenix  
  74  5:15  Probe  
  74  5:16  Probe  
  76  5:23  Phoenix  
  76  5:25  Shield Battery  
  76  5:32  Probe x2  
  76  5:38  Robotics Facility  
  76  5:41  Robotics Facility  
  76  5:44  Probe x2  
  78  5:54  Shield Battery  
  78  5:56  Probe x2  
  80  6:03  Zealot x2  
  84  6:07  Probe x2  
  85  6:13  Probe  
  85  6:14  Forge  
  85  6:15  Probe x2  
  85  6:18  Twilight Council  
  86  6:21  Probe  
  86  6:22  Observer  
  86  6:23  Probe  
  86  6:24  Probe  
  89  6:31  Probe  
  89  6:32  Immortal  
  96  6:35  Sentry, Probe x2  
  96  6:36  Sentry  
  96  6:38  Pylon  
  103  6:43  Probe  
  104  6:47  Probe x2, Immortal  
  104  6:49  Assimilator  
  104  6:51  Assimilator  
  109  6:54  Charge, Protoss Ground Weapons Level 1  
  109  6:58  Pylon  
  109  7:05  Immortal  
  113  7:16  Pylon  
  113  7:20  Immortal  
  113  7:23  Templar Archives  
  113  7:28  Gateway  
  113  7:31  Gateway  
  113  7:33  Gateway  
  113  7:34  Immortal  
  117  7:45  Gateway  
  117  7:47  Gateway  
  117  7:49  Pylon  
  117  7:50  Immortal  
  121  7:55  Gateway  
  121  7:57  Pylon, Photon Cannon, Psionic Storm  
  121  7:59  Photon Cannon  
  121  8:04  High Templar  
  127  8:08  Immortal  
  127  8:13  Pylon, High Templar  
  133  8:21  Immortal  
  133  8:27  High Templar  
  133  8:28  Pylon  
  133  8:30  High Templar  
  141  8:39  Warp Prism  
  139  8:41  Photon Cannon x2  
  139  8:45  Photon Cannon  
  139  8:47  Shield Battery  
  141  8:49  High Templar x2  
  141  8:50  Pylon  
  141  8:55  Protoss Ground Weapons Level 2  
  145  8:58  Immortal  
  145  9:00  Zealot x5  
  145  9:01  Pylon  
  159  9:05  Pylon  
  159  9:15  Nexus  
  159  9:19  Pylon  
  159  9:27  Zealot x4  
  159  9:30  Zealot  
  169  9:33  Zealot  
  171  9:43  Fleet Beacon  
  167  9:47  High Templar x2  
  167  9:51  Photon Cannon  
  167  9:52  Archon  
  159  9:54  Zealot, Assimilator  
  159  10:01  Zealot x3  
  162  10:10  Zealot x2  
  162  10:16  Zealot  
  162  10:18  Immortal  
  163  10:22  Pylon  
  163  10:23  Zealot x4  
  169  10:31  Zealot x3  
  165  10:40  Pylon  
  147  10:53  Nexus  
  147  10:55  Pylon, High Templar x4  
  147  10:56  High Templar x4  
  163  10:59  Mothership  
  163  11:00  Photon Cannon  
  163  11:01  Shield Battery  
  163  11:06  Probe x3  
  166  11:11  Shield Battery, Pylon  
  166  11:22  Observer  
  175  11:30  Zealot x4  
  184  11:43  Carrier  
  184  11:46  Carrier  
  184  11:47  Assimilator  
  184  11:51  Assimilator  
  185  12:06  Zealot  
  185  12:07  Zealot x4  
  193  12:09  Archon  
  193  12:15  Protoss Air Weapons Level 1, Archon  
  193  12:16  Protoss Ground Weapons Level 3, Archon  
  193  12:19  Zealot x3  
  193  12:35  High Templar x2  
  193  12:40  Stargate  
  193  12:51  Zealot x3  
  193  12:56  Carrier  
  193  12:57  Warp Prism, Carrier  
  179  13:06  Zealot x2  
  179  13:07  Zealot x2  
  187  13:21  Carrier  
  193  13:38  Nexus  
  193  13:39  Pylon  
  193  13:51  Pylon, Zealot x3  
  193  13:53  Observer  
  200  14:08  Carrier x2  
  186  14:16  Zealot x4  
  200  14:26  Photon Cannon  
  200  14:27  Photon Cannon  
  200  14:29  Photon Cannon  
  198  14:38  Zealot x3  
  153  14:46  High Templar x5  
  153  14:51  Archon  
  157  14:59  High Templar x3  
  163  15:02  Blink  
  163  15:09  Carrier  
  163  15:12  Oracle  
  163  15:18  Observer  
  173  15:29  Zealot x3  
  178  15:41  Zealot x4  
  180  15:44  Archon  
  180  15:48  Zealot  
  172  15:55  Carrier  
  178  15:57  High Templar x3  
  178  16:02  Archon  
  176  16:09  Zealot x5  
  184  16:24  Photon Cannon  
  182  16:26  Photon Cannon  
  182  16:31  Zealot x6  
  194  16:37  Zealot x2  
  193  17:00  Zealot x2  
Tags
 
Add a new tag
Caveats
  • Supply blocks, unpowered buildings, or Contaminate may cause inaccurate times.
  • Supply counts are checked every 10 seconds.